 Dungeon Crawl Stone Soup version 0.27-a0-998-g4cfe56dd59 (webtiles) character file.

Game seed: 9896000002614106780

82873 Frod the Zephyrmancer (level 16, -4/122 HPs)
             Began as a Human Ice Elementalist on Apr 16, 2021.
             Was a High Priest of Sif Muna.
             Shot with an arrow by a centaur warrior (22 damage)
             ... on level 13 of the Dungeon on Apr 17, 2021.
             The game lasted 02:27:21 (32991 turns).

Frod the Zephyrmancer (Human Ice Elementalist)     Turns: 32991, Time: 02:27:21

Health: -4/122     AC: 13    Str: 10    XL:     16   Next: 22%
Magic:  25/40      EV: 12    Int: 24    God:    Sif Muna [*****.]
Gold:   876        SH:  5    Dex: 12    Spells: 7/37 levels left

rFire    . . .     SeeInvis .   b - staff of air
rCold    . . .     Faith    .   (no shield)
rNeg     . . .     Spirit   .   y - +2 robe {Archmagi}
rPois    +         Reflect  +   o - +2 helmet {Int+3}
rElec    +         Harm     .   e - +2 cloak {Stlth+}
rCorr    .         Rampage  .   O - +1 pair of gloves {Dex+3}
Will     +++..                  P - +0 pair of boots
Stlth    ++++......             p - amulet of the Good {Reflect Will++ Dex-5 SH+5}
HPRegen  0.30/turn              q - ring of Rystroumn {*Corrode +Blink rElec rPois MP+9}
MPRegen  0.27/turn              i - ring of wizardry

@: no status effects
A: no striking features
a: Renounce Religion, Evoke Blink, Channel Magic, Forget Spell, Divine Exegesis


You were on level 13 of the Dungeon.
You worshipped Sif Muna.
Sif Muna was extremely pleased with you.
You visited 4 branches of the dungeon, and saw 22 of its levels.

You collected 2482 gold pieces.
You spent 1606 gold pieces at shops.

Inventory:

Hand Weapons
 d - the +11 dagger "Beast's Funeral" {vorpal, rElec Int+3 Stlth+}
   (You found it on level 8 of the Dungeon)

   It inflicts extra damage upon your enemies.
   It affects your intelligence (+3).
   It insulates you from electricity.
   It makes you more stealthy.
Missiles
 r - 17 curare-tipped darts
 F - 3 throwing nets
 K - 9 javelins
 W - 4 atropa-tipped darts
Armour
 c - a +1 robe of resistance
 e - a +2 cloak of stealth (worn)
 o - a +2 helmet of intelligence (worn)
 y - a +2 robe of the Archmagi (worn)
 O - a +1 pair of gloves of dexterity (worn)
 P - a +0 pair of boots (worn)
Magical Staves
 a - a staff of cold
 b - a staff of air (weapon)
Jewellery
 i - a ring of wizardry (right hand)
 p - the amulet of the Good (around neck) {Reflect Will++ Dex-5 SH+5}
   (You acquired it on level 3 of the Lair of Beasts)

   [amulet of reflection]

   It reflects blocked missile attacks.
   It affects your dexterity (-5).
   It affects your SH (+5).
   It greatly increases your willpower.
 q - the ring of Rystroumn (left hand) {*Corrode +Blink rElec rPois MP+9}
   (You acquired it on level 3 of the Lair of Beasts)

   [ring of magical power]

   It insulates you from electricity.
   It protects you from poison.
   It affects your magic capacity (+9).
   It lets you blink.
   It may corrode you when you take damage.
 G - the ring of the Shrike {Fly rN+ rCorr MP+9 Dex-5}
   (You found it on level 7 of the Dungeon)

   [ring of magical power]

   It affects your dexterity (-5).
   It protects you from negative energy.
   It affects your magic capacity (+9).
   It grants you flight.
   It protects you from acid and corrosion.
Wands
 A - a wand of flame (35)
 B - a wand of digging (6)
 C - a wand of iceblast (24)
 D - a wand of mindburst (18)
 R - a wand of paralysis (5)
 T - a wand of acid (10)
Scrolls
 f - 4 scrolls of immolation
 k - 2 scrolls of blinking
 l - 6 scrolls of fear
 n - 3 scrolls of identify
 s - 5 scrolls of fog
 u - 2 scrolls of summoning
 v - 2 scrolls of magic mapping
 x - 2 scrolls of silence
 z - 6 scrolls of enchant weapon
 I - 9 scrolls of teleportation
 J - 2 scrolls of amnesia
 M - a scroll of holy word
Potions
 g - 10 potions of curing
 h - a potion of cancellation
 j - 7 potions of heal wounds
 m - a potion of brilliance
 t - 2 potions of invisibility
 w - 4 potions of berserk rage
 E - 7 potions of ambrosia
 H - 3 potions of might
 L - 2 potions of lignification
 N - 2 potions of haste
 U - a potion of magic
 V - 2 potions of flight
 X - a potion of resistance
Miscellaneous
 Z - a tin of tremorstones (2/2)


   Skills:
 - Level 10.0 Fighting
 - Level 2.1 Dodging
 + Level 6.8 Stealth
 + Level 11.0 Spellcasting
 + Level 7.0 Conjurations
 - Level 5.0 Summonings
 * Level 12.5 Ice Magic
 + Level 13.0 Air Magic
 + Level 11.5 Invocations


You had 7 spell levels left.
You knew the following spells:

 Your Spells              Type           Power      Damage    Failure   Level
a - Airstrike             Air            53%        N/A       1%          4
b - Frozen Ramparts       Ice            100%       1d12      1%          3
c - Lightning Bolt        Conj/Air       47%        1d68      1%          5
d - Static Discharge      Conj/Air       95%        N/A       1%          2
e - Conjure Ball Lightni  Conj/Air       47%        3x3d16    4%          6
g - Summon Ice Beast      Ice/Summ       70%        N/A       1%          4
i - Swiftness             Air            100%       N/A       1%          3
o - Ozocubu's Armour      Ice            83%        N/A       1%          3

Your spell library contained the following spells:

 Spells                   Type           Power      Damage    Failure   Level
 Animate Skeleton         Necr           38%        N/A       1%          1
 Apportation              Tloc           38%        N/A       1%          1
 Corona                   Hex            21%        N/A       1%          1
 Foxfire                  Conj/Fire      100%       2x1d9     1%          1
 Freeze                   Ice            100%       1d11      1%          1
 Pain                     Necr           76%        1d7       1%          1
 Shock                    Conj/Air       100%       1d9       1%          1
 Summon Small Mammal      Summ           100%       N/A       1%          1
 Call Canine Familiar     Summ           54%        N/A       1%          3
 Conjure Flame            Conj/Fire      45%        6-21      1%          3
 Hailstorm                Conj/Ice       74%        3d15      1%          4
 Ice Form                 Ice/Tmut       60%        N/A       1%          4
 Summon Lightning Spire   Summ/Air       91%        N/A       1%          4
 Silence                  Hex/Air        39%        N/A       3%          5
 Freezing Cloud           Conj/Ice/Air   49%        6-21      3%          6
 Sticky Flame             Conj/Fire      45%        2d6       4%          4
 Metabolic Englaciation   Hex/Ice        30%        N/A       4%          5
 Inner Flame              Hex/Fire       19%        N/A       6%          3
 Vampiric Draining        Necr           9%         2d7       6%          3
 Ozocubu's Refrigeration  Ice            41%        4d13      10%         7
 Fireball                 Conj/Fire      22%        3d10      12%         5
 Animate Dead             Necr           9%         N/A       19%         4
 Cause Fear               Hex            9%         N/A       19%         4
 Summon Mana Viper        Hex/Summ       37%        N/A       19%         5
 Simulacrum               Ice/Necr       30%        N/A       22%         6
 Shadow Creatures         Summ           N/A        N/A       34%         6
 Agony                    Necr           19%        N/A       45%         5
 Spellforged Servitor     Conj/Summ      29%        N/A       77%         7
 Summon Hydra             Summ           27%        N/A       87%         7
 Haunt                    Necr/Summ      18%        N/A       99%         7
 Dragon Form              Tmut           9%         N/A       100%        7
 Ignition                 Fire           9%         3d5       100%        8
 Dragon's Call            Summ           27%        N/A       100%        9
 Shatter                  Erth           9%         3d11*     100%        9
 Tornado                  Air            53%        N/A       100%        9


Dungeon Overview and Level Annotations

Branches:
Dungeon (13/15)            Temple (1/1) D:5            Lair (6/6) D:9
  Swamp (0/4) Lair:2       Spider (0/4) Lair:4        Slime (0/5) Lair:5
    Orc (2/2) D:9             Elf (0/3) Orc:2
 Vaults: D:13-14

Altars:
Ashenzari
Cheibriados
Dithmenos
Elyvilon
Fedhas
Gozag
Hepliaklqana
Kikubaaqudgha
Makhleb
Nemelex Xobeh
Okawaru
Qazlal
Ru
Sif Muna
Trog
Uskayaw
Vehumet
Wu Jian
Xom
Yredelemnul
Zin
The Shining One
Beogh

Shops:
D:13 !   Orc:2 ?*?:


Message History

A centaur warrior comes into view.
Your ball lightning explodes!
The centaur warrior wields a +0 longbow.
The centaur warrior shoots an arrow.
The arrow closely misses you.
You hear a horrible gurgling sound!
You hear a shout! x2; You hear a screech!
Unknown command.
Casting: Conjure Ball Lightning (dangerous; 4% risk of failure)
Confirm with . or Enter, or press ? or * to list all spells.
You feel a strong surge of power!
You create some ball lightning! 3 ball lightnings come into view.
The centaur warrior shoots an arrow.
The arrow hits you!!
The centaur warrior shoots an arrow.
The arrow hits you!
A wraith comes into view.
The centaur warrior shoots an arrow.
The arrow hits you!
A centaur warrior comes into view.
Your ball lightning explodes!
The blast of lightning engulfs the centaur warrior!!
The centaur warrior is heavily wounded.
The blast of lightning engulfs your ball lightning.
Your ball lightning completely resists.
The blast of lightning engulfs your ball lightning.
Your ball lightning completely resists.
The blast of lightning engulfs you! You resist.
Your ball lightning explodes!
The blast of lightning engulfs your ball lightning.
Your ball lightning completely resists.
The blast of lightning engulfs the centaur warrior!!!
You kill the centaur warrior!
Sif Muna accepts your kill.
The centaur warrior wields a +0 longbow.
The centaur warrior shoots an arrow.
The arrow hits you!
* * * LOW HITPOINT WARNING * * *
You hear an angry buzzing noise.
You hear a screech!
You hear a shout!
You hear two shouts!
You hear an angry hiss.
You hear a shout! x2
Your ball lightning explodes!
The centaur warrior shoots an arrow.
The arrow hits you!
* * * LOW HITPOINT WARNING * * *
There is a stone staircase leading up here.
The centaur warrior shoots an arrow.
The arrow hits you!!
You die...

#######################
#......................
#.........))...........
#......................
#......................
##.......)..............
.^.....@........∩?......
.................(......
###.......).............
#c.............#######
......W...........
.###.........###.##
##.......## ...
##.....## ###


You could see a centaur warrior and a wraith.

Vanquished Creatures
  An ettin (Orc:2)
  Snorg (Lair:3)
  Josephine (D:10)
  Fannar (Lair:3)
  Harold (D:11)
  6 hydras
  A merfolk avatar (Lair:6)
  4 two-headed ogres
  A centaur warrior (D:13)
  21 death yaks
  An orc high priest (Orc:2)
  Urug (Lair:2)
  Sonja (Lair:2)
  Nergalle (D:10)
  A fire crab (Lair:5)
  Pikel (D:4)
  A lindwurm (Lair:5)
  An orc knight (Orc:2)
  A harpy (Lair:6)
  2 bog bodies (Lair:2)
  5 orc sorcerers
  2 cyclopes
  10 oklob plants
  3 manticores
  18 elephants
  7 black mambas
  10 cane toads
  A gargoyle (D:12)
  6 rime drakes
  A kobold demonologist (D:12)
  21 komodo dragons
  2 trolls
  8 polar bears
  A wind drake (Lair:6)
  3 meliai (D:13)
  A queen bee (Lair:3)
  7 dream sheep
  Grinder (D:5)
  4 hornets
  5 blink frogs (Lair:5)
  3 slime creatures (D:12)
  4 wraiths (D:10)
  23 yaks
  A vampire (D:9)
  9 wyverns
  Eustachio (D:5)
  6 basilisks
  A steam dragon (Lair:3)
  Menkaure (D:6)
  A warg (Orc:2)
  14 water moccasins
  2 acid dragons
  Duvessa (D:4)
  An ice beast (D:7)
  2 sky beasts
  4 black bears
  14 orc warriors
  2 necrophages
  8 ogres
  6 centaurs
  23 wolves
  2 phantoms
  15 bullfrogs
  A kobold brigand (D:11)
  2 gnoll sergeants
  A scorpion (D:6)
  A wyvern skeleton (D:5)
  Dowan (D:4)
  38 killer bees
  9 wights
  4 howler monkeys
  An electric eel (Lair:5)
  3 centaur zombies
  A bullfrog zombie (D:6)
  A gnoll shaman (D:5)
  21 orc priests
  A bullfrog skeleton (D:7)
  4 iguanas
  28 orc wizards
  A hound skeleton (D:4)
  2 howler monkey zombies
  19 gnolls
  A howler monkey skeleton (D:5)
  5 adders
  A river rat (Lair:3)
  A shadow imp (D:6)
  A white imp (D:7)
  An adder skeleton (D:4)
  3 worms
  3 dart slugs
  63 orcs
  8 ball pythons
  7 bats
  11 endoplasms
  3 giant cockroaches
  8 goblins
  9 hobgoblins
  5 quokkas
  2 frilled lizards
  11 kobolds
  9 rats
600 creatures vanquished.

Vanquished Creatures (collateral kills)
  6 ball lightnings
6 creatures vanquished.

Vanquished Creatures (others)
  A hound (D:5)
  125 ball lightnings
  A bush (Lair:5)
  20 fungi
  68 plants
  4 toadstools (D:5)
219 creatures vanquished.

Grand Total: 825 creatures vanquished

Notes
Turn   | Place    | Note
-------+----------+-------------------------------------------
     0 | D:1      | Frod the Human Ice Elementalist began the quest for the
                  | Orb.
     0 | D:1      | Reached XP level 1. HP: 13/13 MP: 3/3
   180 | D:1      | Reached XP level 2. HP: 19/19 MP: 0/5
   538 | D:1      | Reached XP level 3. HP: 24/24 MP: 4/6
   607 | D:1      | Learned a level 3 spell: Frozen Ramparts
  1215 | D:2      | Reached skill level 5 in Ice Magic
  1215 | D:2      | Reached XP level 4. HP: 20/30 MP: 7/7
  1396 | D:2      | Learned a level 3 spell: Ozocubu's Armour
  1638 | D:2      | Found a bloodstained altar of Trog.
  1772 | D:2      | Found a faded altar of an unknown god.
  2464 | D:2      | Reached XP level 5. HP: 35/35 MP: 4/8
  3042 | D:3      | Learned a level 1 spell: Shock
  3083 | D:3      | Reached skill level 1 in Conjurations
  3083 | D:3      | Reached skill level 1 in Air Magic
  3083 | D:3      | Reached XP level 6. HP: 30/41 MP: 4/9
  3229 | D:3      | Noticed an ogre
  3234 | D:3      | Killed an ogre
  3541 | D:3      | Found a snail-covered altar of Cheibriados.
  3747 | D:3      | Found a glowing silver altar of Zin.
  3814 | D:3      | Learned a level 2 spell: Static Discharge
  3926 | D:4      | Reached skill level 2 in Air Magic
  4015 | D:4      | Reached XP level 7. HP: 46/46 MP: 7/11
  4074 | D:4      | Noticed Pikel
  4088 | D:4      | Killed Pikel
  4089 | D:4      | Reached skill level 3 in Air Magic
  4089 | D:4      | Reached XP level 8. HP: 34/52 MP: 1/13
  4106 | D:4      | Learned a level 3 spell: Swiftness
  4427 | D:4      | Noticed Dowan
  4427 | D:4      | Noticed Duvessa
  4432 | D:4      | Killed Dowan
  4433 | D:4      | Reached skill level 4 in Air Magic
  4439 | D:4      | Killed Duvessa
  4819 | D:5      | Entered Level 5 of the Dungeon
  5216 | D:5      | Noticed Eustachio
  5225 | D:5      | Killed Eustachio
  5305 | D:5      | Noticed Grinder
  5456 | D:5      | Found a staircase to the Ecumenical Temple.
  5465 | Temple   | Entered the Ecumenical Temple
  5699 | Temple   | Became a worshipper of Sif Muna the Loreminder
  5775 | D:5      | Reached skill level 5 in Conjurations
  5775 | D:5      | Reached skill level 5 in Air Magic
  5775 | D:5      | Reached XP level 9. HP: 39/57 MP: 4/15
  6016 | D:5      | Killed Grinder
  6017 | D:5      | Reached skill level 5 in Spellcasting
  6139 | D:5      | Learned a level 4 spell: Airstrike
  6469 | D:6      | Reached skill level 6 in Air Magic
  6469 | D:6      | Reached skill level 1 in Invocations
  7390 | D:6      | Noticed Menkaure
  7396 | D:6      | Killed Menkaure
  7943 | D:7      | Identified the ring of the Shrike {Fly rN+ rCorr MP+9
                  | Dex-5}
  8032 | D:7      | Reached skill level 1 in Fighting
  8101 | D:7      | Reached XP level 10. HP: 65/65 MP: 15/19
  8219 | D:7      | Reached skill level 7 in Air Magic
  8852 | D:7      | Reached * piety under Sif Muna
  9226 | D:8      | Identified the +11 dagger "Beast's Funeral" {vorpal, rElec
                  | Int+3 Stlth+}
  9386 | D:8      | Noticed a two-headed ogre
  9556 | D:8      | Killed a two-headed ogre
  9557 | D:8      | Reached skill level 8 in Air Magic
 10265 | D:8      | Learned a level 4 spell: Hailstorm
 10759 | D:9      | Found a staircase to the Orcish Mines.
 11083 | D:9      | Reached skill level 5 in Invocations
 11331 | D:9      | Found a staircase to the Lair.
 11652 | D:9      | Reached ** piety under Sif Muna
 11658 | D:9      | Reached XP level 11. HP: 75/75 MP: 21/21
 11691 | D:9      | Found a burning altar of Makhleb.
 11982 | D:9      | Found a stormy altar of Qazlal.
 12063 | Lair:1   | Entered Level 1 of the Lair of Beasts
 12215 | Lair:1   | Reached skill level 9 in Air Magic
 13522 | Lair:2   | Noticed Urug
 13535 | Lair:2   | Killed Urug
 13835 | Lair:2   | Noticed Sonja
 13838 | Lair:2   | Killed Sonja
 13839 | Lair:2   | Reached skill level 5 in Fighting
 14023 | Lair:2   | Noticed an elephant
 14038 | Lair:2   | Killed an elephant
 14039 | Lair:2   | Reached skill level 10 in Air Magic
 14243 | Lair:2   | Identified the +3 leather armour of Kakkynk {rElec rPois
                  | Dex+9}
 14264 | Lair:2   | Noticed a bog body
 14266 | Lair:2   | Killed a bog body
 14282 | Lair:2   | Noticed a bog body
 14285 | Lair:2   | Killed a bog body
 14286 | Lair:2   | Reached XP level 12. HP: 86/86 MP: 15/23
 14357 | Lair:2   | Found a staircase to the Swamp.
 15252 | Lair:3   | Identified 5 scrolls of acquirement
 15252 | Lair:3   | Acquired the ring of Rystroumn {*Corrode +Blink rElec rPois
                  | MP+9}
 15256 | Lair:3   | Acquired a staff of air
 15380 | Lair:3   | Acquired a book of Ice
 15407 | Lair:3   | Noticed a five-headed hydra
 15407 | Lair:3   | Noticed an eight-headed hydra
 15419 | Lair:3   | Killed a five-headed hydra
 15581 | Lair:3   | Killed an eight-headed hydra
 15686 | Lair:3   | Noticed Fannar
 15727 | Lair:3   | Killed Fannar
 15901 | Lair:3   | Reached *** piety under Sif Muna
 16528 | Lair:3   | Reached skill level 10 in Ice Magic
 16552 | Lair:3   | Reached XP level 13. HP: 96/96 MP: 7/25
 16973 | Lair:3   | Reached skill level 11 in Air Magic
 17176 | Lair:3   | Reached **** piety under Sif Muna
 17699 | Lair:3   | Noticed Snorg
 17708 | Lair:3   | Killed Snorg
 17836 | Lair:3   | Noticed a five-headed hydra
 17840 | Lair:3   | Killed a five-headed hydra
 19235 | Lair:3   | Learned a level 5 spell: Lightning Bolt
 19241 | Lair:3   | Learned a level 4 spell: Summon Ice Beast
 19279 | Lair:3   | Acquired a +2 helmet of intelligence
 19288 | Lair:3   | Acquired the amulet of the Good {Reflect Will++ Dex-5 SH+5}
 19411 | Lair:4   | Noticed an eight-headed hydra
 19418 | Lair:4   | Killed an eight-headed hydra
 19480 | Lair:4   | Reached skill level 1 in Summonings
 20342 | Lair:4   | Reached XP level 14. HP: 106/106 MP: 27/27
 20441 | Lair:4   | Found a hole to the Spider Nest.
 20660 | Lair:4   | Identified the +12 chain mail of Resonance {rCorr Dex+5}
 21242 | Lair:5   | Found a staircase to the Slime Pits.
 21492 | Lair:5   | Reached ***** piety under Sif Muna
 21493 | Lair:5   | Reached skill level 10 in Invocations
 21635 | Lair:5   | Received a gift from Sif Muna
 22077 | Lair:5   | Reached skill level 10 in Spellcasting
 22091 | Lair:5   | Reached skill level 12 in Air Magic
 22385 | Lair:5   | Identified the +5 scale mail "Dewe" {rPois Int+2}
 22417 | Lair:6   | Entered Level 6 of the Lair of Beasts
 23833 | Lair:6   | Reached skill level 5 in Summonings
 24342 | Lair:5   | Reached XP level 15. HP: 74/113 MP: 29/29
 24862 | Lair:5   | Learned a level 6 spell: Conjure Ball Lightning
 25458 | Lair:6   | Reached skill level 5 in Stealth
 26957 | Orc:1    | Entered Level 1 of the Orcish Mines
 27717 | Orc:2    | Entered Level 2 of the Orcish Mines
 27939 | Orc:2    | Identified Sif Muna's Compendium of the Escort (Sif Muna
                  | gifted it to you on level 2 of the Orcish Mines)
 27939 | Orc:2    | Received a gift from Sif Muna
 27943 | Orc:2    | Reached skill level 10 in Fighting
 28813 | Orc:2    | Found a staircase to the Elven Halls.
 29722 | Orc:2    | Found Tuini's Book Emporium.
 29722 | Orc:2    | Found Naesoseo's Magic Scroll Shoppe.
 29722 | Orc:2    | Found Suyxees's Magic Scroll Emporium.
 29729 | Orc:2    | Found Xeiwnah's General Store.
 29774 | Orc:2    | Bought a scroll of identify for 32 gold pieces
 29774 | Orc:2    | Bought a scroll of blinking for 120 gold pieces
 29774 | Orc:2    | Bought a scroll of summoning for 152 gold pieces
 29774 | Orc:2    | Bought a scroll of identify for 32 gold pieces
 29774 | Orc:2    | Bought a scroll of noise for 16 gold pieces
 29779 | Orc:2    | Bought a scroll of acquirement for 624 gold pieces
 29779 | Orc:2    | Bought a scroll of holy word for 90 gold pieces
 29779 | Orc:2    | Bought a scroll of identify for 24 gold pieces
 29779 | Orc:2    | Bought a scroll of identify for 24 gold pieces
 29779 | Orc:2    | Bought a scroll of identify for 24 gold pieces
 29922 | D:9      | Acquired a +1 cloak of willpower
 29955 | D:10     | Entered Level 10 of the Dungeon
 30055 | D:10     | Noticed Josephine
 30059 | D:10     | Killed Josephine
 30515 | D:10     | Noticed Nergalle
 30803 | D:10     | Killed Nergalle
 30879 | D:11     | Noticed Harold
 30882 | D:11     | Killed Harold
 31035 | D:11     | Received a gift from Sif Muna
 31042 | D:11     | Reached XP level 16. HP: 94/122 MP: 28/30
 32286 | D:12     | Reached skill level 13 in Air Magic
 32964 | D:13     | Found Puoxotwi's Distillery.
 32975 | D:13     | Bought a potion of heal wounds for 90 gold pieces
 32975 | D:13     | Bought a potion of attraction for 54 gold pieces
 32975 | D:13     | Bought a potion of flight for 54 gold pieces
 32975 | D:13     | Bought a potion of heal wounds for 90 gold pieces
 32975 | D:13     | Bought a potion of resistance for 180 gold pieces
 32991 | D:13     | Shot with an arrow by a centaur warrior

Illustrated notes

Levels and vault maps discovered:
D:1:      scummos_arrival_forest, layout_rooms
D:2:      minmay_spotlight, layout_basic, basic_altar,
          hellmonk_ecumenical_altar_crossroads
D:3:      layout_rooms, slow_altar_1, zin_statuary
D:4:      layout_gridville, hangedman_decor_lopped, uniq_pikel, uniq_duvessa
D:5:      layout_rooms, lemuel_temple_firewalk_a, grunt_ministairs_5,
          minmay_gold_behind_fungi, uniq_grinder, uniq_eustachio
D:6:      layout_cave_pools, uniq_menkaure
D:7:      layout_loops_cross, nrook_loot_triangle
D:8:      layout_cave_pods, minmay_misc_feat_x, minmay_misc_feat_hallway
D:9:      layout_roguey, grunt_temple_overflow_open, lair_entry_dummy,
          hiddenorc2_lemuel
D:10:     layout_rooms, uniq_nergalle, uniq_josephine
D:11:     layout_small_grid, uniq_harold
D:12:     layout_irregular_city
D:13:     minmay_the_grid_octo_tiled_octocenter_mashed
          [minmay_the_grid_octo_checkerflower, minmay_the_grid_octo_fan_narrow,
          minmay_the_grid_octo_tetromino_candy, minmay_the_grid_octo_77,
          minmay_the_grid_octo_prize_big_c,
          minmay_the_grid_square_5x5_six_small,
          minmay_the_grid_square_5x5_inner_v,
          minmay_the_grid_square_5x5_eight_small,
          minmay_the_grid_square_5x5_broken_cross], layout_long_grid,
          serial_shops, shop, shop, shop, nicolae_shop_crystal,
          nicolae_shop_trees
Temple:   eino_narrow_crystal_temple
Lair:1:   layout_small_grid
Lair:2:   layout_cave_pods, skrybe_swamp_entry_bodies, grunt_megastairs_3,
          uniq_urug, uniq_sonja
Lair:3:   hangedman_what_comes_after_a, layout_cave_pods, uniq_snorg,
          uniq_fannar
Lair:4:   layout_misc_corridors, spider_nest_entry_web_field,
          beast_lair_carwin_5, minmay_lair_oklob_chamber
Lair:5:   layout_concentric_octagons, minmay_slime_entry_oklob_open,
          cheibrodos_lair_lostbears, serial_bayou_shore_b,
          infiniplex_staircase_pool
Lair:6:   gammafunk_lair_ancient_temple, layout_hall_layers
Orc:1:    layout_caves, basic_altar
Orc:2:    st_orc_mages, layout_diamond_mine

Skill      XL: |  1  2  3  4  5  6  7  8  9 10 11 12 13 14 15 16 |
---------------+-------------------------------------------------+-----
Ice Magic      | 5 6 7 8 9 10 11 12 | 12.5
Conjurations   | 1 2 3 5 6 7 |  7.0
Air Magic      | 1 2 3 5 6 8 10 11 12 13 | 13.0
Spellcasting   | 3 4 6 7 8 9 10 11 | 11.0
Invocations    | 3 5 6 8 9 10 11 | 11.5
Fighting       | 1 3 5 7 8 9 10 | 10.0
Summonings     | 3 5 |  5.0
Stealth        | 4 6 |  6.8
Dodging        | |  2.1

Action                   |  1- 3 |  4- 6 |  7- 9 | 10-12 | 13-15 | 16-18 || total
-------------------------+-------+-------+-------+-------+-------+-------++-------
Melee: Short sword       |    17 |    30 |    18 |       |       |       ||    65
       Spear             |       |       |     2 |     6 |       |       ||     8
       Dagger            |       |       |       |    25 |       |       ||    25
       Staff             |       |       |       |     6 |     3 |       ||     9
Throw: Stone             |       |       |     1 |       |       |       ||     1
       Javelin           |       |       |       |     2 |       |       ||     2
 Cast: Freeze            |    46 |    20 |    14 |     1 |       |       ||    81
       Frozen Ramparts   |     1 |    26 |    24 |    22 |    10 |       ||    83
       Shock             |       |     6 |    29 |     2 |       |       ||    37
       Static Discharge  |       |       |    39 |    19 |    25 |       ||    83
       Ozocubu's Armour  |       |       |    11 |    10 |    10 |       ||    31
       Airstrike         |       |       |    13 |   221 |   424 |    30 ||   688
       Hailstorm         |       |       |       |     1 |     1 |       ||     2
       Swiftness         |       |       |       |     1 |     1 |       ||     2
       Lightning Bolt    |       |       |       |       |    21 |       ||    21
       Conjure Ball Ligh |       |       |       |       |    52 |    13 ||    65
Invok: Channel Magic     |       |       |       |     1 |       |       ||     1
Evoke: Wand              |       |       |       |       |     1 |       ||     1
  Use: Scroll            |       |     2 |     5 |     8 |    20 |       ||    35
       Potion            |       |     1 |     1 |     1 |       |       ||     3
 Stab: Sleeping          |     2 |       |       |       |       |       ||     2
Armor: Robe              |     5 |    12 |    27 |    33 |    24 |       ||   101
Dodge: Dodged            |    29 |    28 |    39 |    84 |    56 |     3 ||   239
Block: Other             |       |       |       |       |    10 |     1 ||    11
       Reflection        |       |       |       |       |     1 |     1 ||     2

Table legend: (Time is in decaauts)
 A = Elapsed time spent in this place.
 B = Non-inter-level travel time spent in this place.
 C = Inter-level travel time spent in this place.
 D = Time resting spent in this place.
 E = Time spent auto-exploring this place.
 F = Levels seen in this place.
 G = Mean time per level.
                   A        B        C        D        E       F      G
               +--------+--------+--------+--------+--------+-----+--------+
         Total |  33053 |  31869 |   1184 |   6324 |  21387 |  22 | 1502.4 |
       Dungeon |  15238 |  14760 |    478 |   1345 |  11465 |  13 | 1172.2 |
        Temple |    249 |    208 |     41 |      0 |    206 |   1 |  249.0 |
          Lair |  14901 |  14294 |    607 |   4520 |   8078 |   6 | 2483.5 |
  Orcish Mines |   2663 |   2605 |     58 |    459 |   1638 |   2 | 1331.5 |
               +--------+--------+--------+--------+--------+-----+--------+

Top non-repeatable levels by time:
  Lair:5: 4238 daAuts
  Lair:3: 3488 daAuts
  Lair:2: 2323 daAuts
   Orc:2: 1912 daAuts
     D:9: 1897 daAuts
  Lair:4: 1790 daAuts
     D:2: 1617 daAuts
  Lair:6: 1571 daAuts
     D:5: 1492 daAuts
  Lair:1: 1488 daAuts
     D:7: 1419 daAuts
     D:6: 1366 daAuts
     D:8: 1363 daAuts
     D:3: 1110 daAuts
     D:1: 1092 daAuts
